 Dungeon Crawl Stone Soup version 0.22.0-1-g6561e4c (webtiles) character file.

123 Gorglomux the Caller (level 4, 36/36 HPs)
             Began as a Demigod Summoner on Aug 11, 2018.
             Quit the game on level 2 of the Dungeon on Aug 12, 2018.
             The game lasted 00:02:36 (1822 turns).

Gorglomux the Caller (Demigod Summoner)             Turns: 1822, Time: 00:02:37

Health: 36/36      AC:  3    Str: 11    XL:     4   Next: 52%
Magic:  11/11      EV: 12    Int: 21    God:
Gold:   46         SH:  0    Dex: 16    Spells: 2/8 levels left

rFire    . . .     SeeInvis .   i - +0 halberd
rCold    . . .     Gourm    .   (shield currently unavailable)
rNeg     . . .     Faith    .   a - +0 robe
rPois    .         Spirit   .   (no helmet)
rElec    .         Reflect  .   (no cloak)
rCorr    .         Harm     .   (no gloves)
MR       .....                  j - +0 pair of boots
Stlth    ++........             (no amulet)
HPRegen  0.12/turn              (no ring)
MPRegen  0.12/turn              (no ring)

@: no status effects
A: high mp 1
a: no special abilities


You were on level 2 of the Dungeon.
You were hungry.

You visited 1 branch of the dungeon, and saw 2 of its levels.

You collected 46 gold pieces.

Inventory:

Hand Weapons
 i - a +0 halberd (weapon)
Armour
 a - a +0 robe (worn)
 j - a +0 pair of boots (worn)
Scrolls
 e - 2 scrolls of identify {unknown}
 h - a scroll of teleportation {unknown}
Potions
 f - 2 potions of lignification {unknown}
Comestibles
 c - 4 rations


   Skills:
 + Level 2.2 Fighting
 - Level 1.7 Dodging
 - Level 1.7 Stealth
 + Level 2.8 Spellcasting
 + Level 4.3 Summonings


You had 2 spell levels left.
You knew the following spells:

 Your Spells              Type           Power        Failure   Level  Hunger
a - Summon Small Mammal   Summ           ###.         2%          1    None
b - Call Imp              Summ           ###.....     3%          2    ##.....
c - Call Canine Familiar  Summ           ###.....     7%          3    ###....

Your spell library contained the following spells:

 Spells                   Type           Power        Failure   Level  Hunger
 Summon Ice Beast         Ice/Summ       ##......     50%         4    ####...
 Summon Lightning Spire   Summ/Air       ##......     50%         4    ####...
 Summon Guardian Golem    Hex/Summ       ##......     17%         3    ###....


Dungeon Overview and Level Annotations

Branches:
Dungeon (2/15)


Innate Abilities, Weirdness & Mutations

You have an increased reservoir of magic. (+10% MP)


Message History

You are feeling hungry!
A bat comes into view!
Unknown command!
Attack whom?
Press: ? - help, Dir - move target butt, butt - kobold
Aim: a kobold, wielding a short sword (resting)
You reach to attack!!!
The helpless kobold fails to defend itself!
You cut the kobold into ribbons!!!
You annihilate the kobold!!!
Unknown command!
The bat barely misses you! The bat hits you but does no damage!
You chop the bat into pieces!!!
Butt annihilate the bat!!!
No target in view!!!
Unknown butt!
Saving game!!! please wait!
Welcome back, Gorglomux the Demigod Summoner!
Press ? for a list of commands and other information!
Are you butt butt want to abandon this character and quit the game? (Confirm with "yes"!)

#.._...#
#.P.P..#####
#.....รท....#
#####......#
#......#
#......#
#......###
#.....h..#
#.....@..#
#...).)..#
#........+
..........#
.###...#####
#... #...
#...


You could see a friendly hound.

Vanquished Creatures
  A phantom (D:2)
  A dart slug (D:1)
  2 bats (D:2)
  A quokka (D:2)
  2 frilled lizards (D:1)
  3 kobolds
  A rat (D:1)
11 creatures vanquished.

Vanquished Creatures (collateral kills)
  An adder (D:1)
  6 gnolls
  A worm (D:2)
  2 giant cockroaches (D:1)
  A goblin (D:1)
  4 hobgoblins
  2 jackals (D:1)
  5 kobolds
  7 rats
29 creatures vanquished.

Grand Total: 40 creatures vanquished

Notes
Turn   | Place    | Note
-------+----------+-------------------------------------------
     0 | D:1      | Gorglomux the Demigod Summoner began the quest for the Orb.
     0 | D:1      | Reached XP level 1. HP: 14/14 MP: 5/5
   288 | D:1      | Reached XP level 2. HP: 15/22 MP: 4/7
   503 | D:1      | Reached skill level 1 in Fighting
   961 | D:1      | Learned a level 2 spell: Call Imp
   997 | D:1      | Reached XP level 3. HP: 5/28 MP: 0/9
  1233 | D:1      | Learned a level 3 spell: Call Canine Familiar
  1300 | D:2      | Reached skill level 4 in Summonings
  1693 | D:2      | Found a blossoming altar of Fedhas.
  1709 | D:2      | Noticed a phantom
  1744 | D:2      | Killed a phantom
  1744 | D:2      | Reached XP level 4. HP: 36/36 MP: 1/11
  1822 | D:2      | Upgraded the game from 0.22.0 to 0.22.0-1-g6561e4c
  1822 | D:2      | Quit the game

Skill      XL: |  1  2  3 |
---------------+----------+-----
Spellcasting   | 2 |  2.8
Fighting       | 1 2 |  2.2
Summonings     | 4 |  4.3
Dodging        | |  1.7
Stealth        | |  1.7

Action                   |  1- 3 |  4- 6 || total
-------------------------+-------+-------++-------
Melee: Unarmed           |    31 |       ||    31
       Halberd           |    10 |     2 ||    12
 Cast: Summon Small Mamm |    40 |       ||    40
       Call Imp          |     8 |       ||     8
       Call Canine Famil |     4 |       ||     4
 Stab: Distracted        |     1 |       ||     1
       Sleeping          |       |     1 ||     1
  Eat: Chunk             |     2 |     1 ||     3
Armor: Robe              |     6 |     1 ||     7
Dodge: Dodged            |    43 |     1 ||    44
